PL
PORTLAND EVERGREENS @ BUCKHEAD BOWTIES
07/27/2034
 
TOP OF THE 1ST
Portland Evergreens batting - Pitching for Buckhead Bowties : RHP Jason Millward
Pitching: RHP Jason Millward
Batting: SHB Willie McGirt 0-0: Swinging Strike
0-1: Swinging Strike
0-2: Strikes out swinging
Batting: RHB Tae-cho Han 0-0: Swinging Strike
0-1: Called Strike
0-2: Strikes out looking
Batting: LHB Chris Payling 0-0: Called Strike
0-1: Ball
1-1: SINGLE (Groundball, 13S) (infield hit)
Batting: SHB Billy Dotson 0-0: Ground out 4-3 (Groundball, 4)
Top of the 1st over - 0 runs, 1 hit, 0 errors, 1 left on base; Portland 0 - Buckhead 0
BOTTOM OF THE 1ST
Buckhead Bowties batting - Pitching for Portland Evergreens : RHP Jorge Otero
Pitching: RHP Jorge Otero
Batting: LHB José Valéncia 0-0: Called Strike
0-1: Ball
1-1: Reached via error on a dropped throw, E3
Batting: LHB Shunso Kiyomizu 0-0: Ball
1-0: Called Strike
1-1: Foul Ball, location: 2F
1-2: Strikes out looking
Batting: RHB Richard Jost 0-0: Called Strike
Throwing error on steal attempt, E2
José Valéncia to third
0-1: Ball
1-1: Foul Ball, location: 2F
1-2: Ground out 6-3 (Groundball, 6D)
José Valéncia scores
Batting: RHB Derek Bangert 0-0: Ball
1-0: Ground out 3-1 (Groundball, 34)
Bottom of the 1st over - 1 run, 0 hits, 2 errors, 0 left on base; Portland 0 - Buckhead 1
TOP OF THE 2ND
Portland Evergreens batting - Pitching for Buckhead Bowties : RHP Jason Millward
Batting: LHB John Ennis 0-0: Ball
1-0: Ball
2-0: Ball
3-0: Base on Balls
Batting: LHB John Schaefer 0-0: Ball
1-0: Swinging Strike
1-1: Foul Ball, location: 2F
1-2: Strikes out swinging
Batting: RHB Nelson Jaramillo 0-0: Ball
John Ennis steals 2nd base
1-0: Ball
2-0: Ball
3-0: Called Strike
3-1: Ground out 6-3 (Groundball, 56)
Batting: LHB Calvin Wilms 0-0: Called Strike
0-1: SINGLE (Line Drive, 34D)
John Ennis to third
Runner from 3rd tries for Home, SAFE, throw made home
Batting: RHB Blaze Alexander 0-0: Called Strike
0-1: Ball
1-1: Fly out, F9 (Flyball, 9D)
Top of the 2nd over - 1 run, 1 hit, 0 errors, 1 left on base; Portland 1 - Buckhead 1
BOTTOM OF THE 2ND
Buckhead Bowties batting - Pitching for Portland Evergreens : RHP Jorge Otero
Batting: RHB Daniel McCoy 0-0: Called Strike
0-1: Fly out, F5 (Line Drive, 5S)
Batting: RHB David Edwards 0-0: Ball
1-0: Ball
2-0: Swinging Strike
2-1: Ball
3-1: Swinging Strike
3-2: DOUBLE (Line Drive, 7LD)
Batting: LHB Edwin Church 0-0: Called Strike
0-1: Ball
1-1: Ball
2-1: Ball
3-1: Base on Balls
Batting: RHB Emílio Agramónte 0-0: Called Strike
0-1: Ball
1-1: Fly out, F7 (Flyball, 7LS)
Batting: RHB Raúl Ruíz 0-0: Foul Ball, location: 2F
0-1: SINGLE (Groundball, 23) (infield hit)
David Edwards to third
Edwin Church to second
Batting: LHB José Valéncia 0-0: Called Strike
0-1: Ground out U3 (Groundball, 34)
Bottom of the 2nd over - 0 runs, 2 hits, 0 errors, 3 left on base; Portland 1 - Buckhead 1
TOP OF THE 3RD
Portland Evergreens batting - Pitching for Buckhead Bowties : RHP Jason Millward
Batting: SHB Willie McGirt 0-0: Ball
1-0: Ball
2-0: Called Strike
2-1: Ball
3-1: Base on Balls
Batting: RHB Tae-cho Han 0-0: Swinging Strike
0-1: Ball
1-1: Ball
2-1: Ball
3-1: Base on Balls
Willie McGirt to second
Batting: LHB Chris Payling 0-0: Foul Ball, location: 2F
0-1: Fly out, F4 (Line Drive, 4)
Batting: SHB Billy Dotson 0-0: Ball
Tae-cho Han steals 2nd base
Willie McGirt to third
1-0: Ball
2-0: Foul Ball, location: 2F
2-1: DOUBLE (Line Drive, 78XD)
Willie McGirt scores
Tae-cho Han scores
Pinch Runner at 2nd Ramón Garmendia:
Batting: LHB John Ennis 0-0: Called Strike
0-1: Foul Ball, location: 2F
0-2: Ground out U3 (Groundball, 3)
Ramón Garmendia to third
Batting: LHB John Schaefer 0-0: Called Strike
0-1: Hit by Pitch
Batting: RHB Nelson Jaramillo 0-0: Called Strike
0-1: Swinging Strike
0-2: Foul Ball, location: 2F
0-2: Ball
1-2: Fly out, F7 (Line Drive, 7)
Top of the 3rd over - 2 runs, 1 hit, 0 errors, 2 left on base; Portland 3 - Buckhead 1
BOTTOM OF THE 3RD
Buckhead Bowties batting - Pitching for Portland Evergreens : RHP Jorge Otero
Now at 3B: Ramón Garmendia
Batting: LHB Shunso Kiyomizu 0-0: Fly out, F8 (Flyball, 8LM)
Batting: RHB Richard Jost 0-0: Called Strike
0-1: Ball
1-1: Called Strike
1-2: Strikes out looking
Batting: RHB Derek Bangert 0-0: Swinging Strike
0-1: Foul Ball, location: 2F
0-2: Foul Ball, location: 2F
0-2: Ball
1-2: Ground out 4-3 (Groundball, 4S)
Bottom of the 3rd over - 0 runs, 0 hits, 0 errors, 0 left on base; Portland 3 - Buckhead 1
TOP OF THE 4TH
Portland Evergreens batting - Pitching for Buckhead Bowties : RHP Jason Millward
Batting: LHB Calvin Wilms 0-0: Ball
1-0: Called Strike
1-1: Ball
2-1: Swinging Strike
2-2: Ball
3-2: Ground out 5-3 (Groundball, 56)
Batting: RHB Blaze Alexander 0-0: Fly out, F4 (Line Drive, 4M)
Batting: SHB Willie McGirt 0-0: SINGLE (Groundball, 5S) (infield hit)
Batting: RHB Tae-cho Han 0-0: Ball
1-0: Foul Ball, location: 2F
1-1: Ball
2-1: Foul Ball, location: 2F
2-2: Strikes out swinging
Top of the 4th over - 0 runs, 1 hit, 0 errors, 1 left on base; Portland 3 - Buckhead 1
BOTTOM OF THE 4TH
Buckhead Bowties batting - Pitching for Portland Evergreens : RHP Jorge Otero
Batting: RHB Daniel McCoy 0-0: Ball
1-0: Ball
2-0: Ground out 6-3 (Groundball, 6)
Batting: RHB David Edwards 0-0: Called Strike
0-1: Ball
1-1: Swinging Strike
1-2: Ball
2-2: Strikes out swinging
Batting: LHB Edwin Church 0-0: Ball
1-0: Foul Ball, location: 2F
1-1: Swinging Strike
1-2: Ball
2-2: Strikes out swinging
Bottom of the 4th over - 0 runs, 0 hits, 0 errors, 0 left on base; Portland 3 - Buckhead 1
TOP OF THE 5TH
Portland Evergreens batting - Pitching for Buckhead Bowties : RHP Jason Millward
Batting: LHB Chris Payling 0-0: Ball
1-0: Ball
2-0: DOUBLE (Line Drive, 8LXD)
Batting: LHB Ramón Garmendia 0-0: Ground out 4-3 (Groundball, 4M)
Chris Payling to third
Batting: LHB John Ennis 0-0: Ground out U3 (Groundball, 3L)
Batting: LHB John Schaefer 0-0: Swinging Strike
0-1: Ball
1-1: Ball
2-1: Swinging Strike
2-2: Ball
3-2: Ground out 4-3 (Groundball, 4)
Top of the 5th over - 0 runs, 1 hit, 0 errors, 1 left on base; Portland 3 - Buckhead 1
BOTTOM OF THE 5TH
Buckhead Bowties batting - Pitching for Portland Evergreens : RHP Jorge Otero
Batting: RHB Emílio Agramónte 0-0: Called Strike
0-1: Foul Ball, location: 2F
0-2: Ball
1-2: Ball
2-2: SINGLE (Flyball, 8RS)
Batting: RHB Raúl Ruíz 0-0: Foul Ball, location: 2F
0-1: Called Strike
0-2: Strikes out looking
Batting: LHB José Valéncia 0-0: Ball
1-0: SINGLE (Groundball, 34S) (infield hit)
Emílio Agramónte to second
Batting: LHB Shunso Kiyomizu 0-0: Fielders Choice at 3rd, U5 (Groundball, 5L)
José Valéncia to second
Batting: RHB Richard Jost 0-0: Ball
1-0: Ball
2-0: SINGLE (Line Drive, 7S)
José Valéncia to third
Shunso Kiyomizu to second
Runner from 3rd tries for Home, SAFE, no throw
Batting: RHB Derek Bangert 0-0: Called Strike
0-1: Swinging Strike
0-2: Strikes out swinging
Bottom of the 5th over - 1 run, 3 hits, 0 errors, 2 left on base; Portland 3 - Buckhead 2
TOP OF THE 6TH
Portland Evergreens batting - Pitching for Buckhead Bowties : RHP Jason Millward
Batting: RHB Nelson Jaramillo 0-0: Ball
1-0: Called Strike
1-1: Ground out 5-3 (Groundball, 56)
Batting: LHB Calvin Wilms 0-0: Called Strike
0-1: DOUBLE (Groundball, 3L)
Batting: RHB Blaze Alexander 0-0: Ball
1-0: Called Strike
1-1: Called Strike
1-2: Strikes out swinging
Batting: SHB Willie McGirt 0-0: Ball
1-0: Foul Ball, location: 2F
1-1: Ball
2-1: Ball
3-1: Called Strike
3-2: Foul Ball, location: 2F
3-2: SINGLE (Groundball, 34D)
Calvin Wilms to third
Calvin Wilms scores
Batting: RHB Tae-cho Han 0-0: Ball
1-0: Ball
2-0: Foul Ball, location: 2F
2-1: Ground out 4-3 (Groundball, 4)
Top of the 6th over - 1 run, 2 hits, 0 errors, 1 left on base; Portland 4 - Buckhead 2
BOTTOM OF THE 6TH
Buckhead Bowties batting - Pitching for Portland Evergreens : RHP Jorge Otero
Batting: RHB Daniel McCoy 0-0: Ball
1-0: Swinging Strike
1-1: Swinging Strike
1-2: Strikes out swinging
Batting: RHB David Edwards 0-0: Called Strike
0-1: Foul Ball, location: 2F
0-2: Ball
1-2: Ball
2-2: Ground out 4-3 (Groundball, 4)
Batting: LHB Edwin Church 0-0: Ball
1-0: Called Strike
1-1: SINGLE (Groundball, 6D)
Batting: RHB Emílio Agramónte 0-0: Ground out 1-3 (Groundball, 13)
Bottom of the 6th over - 0 runs, 1 hit, 0 errors, 1 left on base; Portland 4 - Buckhead 2
TOP OF THE 7TH
Portland Evergreens batting - Pitching for Buckhead Bowties : RHP Jason Millward
Batting: LHB Chris Payling 0-0: Called Strike
0-1: Foul Ball, location: 2F
0-2: Strikes out swinging
Batting: LHB Ramón Garmendia 0-0: Ball
1-0: Foul Ball, location: 2F
1-1: SINGLE (Line Drive, 34)
Batting: LHB John Ennis 0-0: Ball
1-0: Ball
2-0: Foul Ball, location: 2F
2-1: Swinging Strike
2-2: Foul Ball, location: 2F
2-2: Ball
3-2: SINGLE (Line Drive, 7S)
Ramón Garmendia to second
Batting: LHB John Schaefer 0-0: Called Strike
0-1: Called Strike
0-2: Ball
1-2: Foul Ball, location: 2F
1-2: Fly out, F8 (Flyball, 8RXD)
Runner from 2nd tags up, SAFE at 3rd, no throw
Batting: RHB Nelson Jaramillo 0-0: Foul Ball, location: 2F
0-1: Ball
1-1: Foul Ball, location: 2F
1-2: Ball
2-2: Ball
John Ennis steals 2nd base
3-2: Fly out, F4 (Popup, 4MD)
Top of the 7th over - 0 runs, 2 hits, 0 errors, 2 left on base; Portland 4 - Buckhead 2
BOTTOM OF THE 7TH
Buckhead Bowties batting - Pitching for Portland Evergreens : RHP Jorge Otero
Now in LF: Shahid Afridi
Batting: RHB Raúl Ruíz 0-0: Ball
1-0: Ball
2-0: Called Strike
2-1: SINGLE (Groundball, 2R) (infield hit)
Pitching: RHP Keith Rojas
Batting: LHB José Valéncia 0-0: Ball
1-0: Ball
2-0: Reached on error, E6 (Groundball, 6M)
Raúl Ruíz to second
Batting: LHB Shunso Kiyomizu 0-0: Ball
1-0: Sac Bunt - play at first, batter OUT! 1-4
Raúl Ruíz to third
José Valéncia to second
Batting: RHB Richard Jost 0-0: Ground out 4-3 (Groundball, 4)
Batting: RHB Derek Bangert 0-0: Called Strike
0-1: Ball
1-1: Ball
2-1: Swinging Strike
2-2: Strikes out swinging
Bottom of the 7th over - 0 runs, 1 hit, 1 error, 2 left on base; Portland 4 - Buckhead 2
TOP OF THE 8TH
Portland Evergreens batting - Pitching for Buckhead Bowties : RHP Jason Millward
Batting: LHB Calvin Wilms 0-0: Foul Ball, location: 2F
0-1: Ball
1-1: Foul Ball, location: 2F
1-2: Strikes out swinging
Batting: RHB Blaze Alexander 0-0: Foul Ball, location: 2F
0-1: Ball
1-1: Foul Ball, location: 2F
1-2: Ball
2-2: Ball
3-2: Foul Ball, location: 2F
3-2: Fly out, F8 (Line Drive, 8RM)
Batting: SHB Willie McGirt 0-0: Called Strike
0-1: Ball
1-1: Ball
2-1: DOUBLE (Flyball, 89XD)
Pitching: RHP Yoshii Ikeda
Batting: RHB Tae-cho Han 0-0: Foul Ball, location: 2F
0-1: Ball
1-1: Ball
2-1: Foul Ball, location: 2F
2-2: SINGLE (Flyball, 5D)
Willie McGirt to third
Runner from 3rd tries for Home, SAFE, no throw
Batting: LHB Chris Payling 0-0: Foul Ball, location: 2F
0-1: Ball
1-1: Ball
2-1: Called Strike
2-2: Ground out U3 (Groundball, 3S)
Top of the 8th over - 1 run, 2 hits, 0 errors, 1 left on base; Portland 5 - Buckhead 2
BOTTOM OF THE 8TH
Buckhead Bowties batting - Pitching for Portland Evergreens : RHP Keith Rojas
Now at C: Carlos Cardona
Batting: RHB Daniel McCoy 0-0: Ball
1-0: Fly out, F6 (Line Drive, 56D)
Batting: RHB David Edwards 0-0: Foul Ball, location: 2F
0-1: Ground out 6-3 (Groundball, 56)
Batting: LHB Edwin Church 0-0: Foul Ball, location: 2F
0-1: Foul Ball, location: 2F
0-2: Foul Ball, location: 2F
0-2: Ball
1-2: SINGLE (Line Drive, 78S)
Batting: RHB Emílio Agramónte 0-0: Ball
1-0: Ground out U3 (Groundball, 34)
Bottom of the 8th over - 0 runs, 1 hit, 0 errors, 1 left on base; Portland 5 - Buckhead 2
TOP OF THE 9TH
Portland Evergreens batting - Pitching for Buckhead Bowties : RHP Yoshii Ikeda
Batting: LHB Ramón Garmendia 0-0: Called Strike
0-1: Fly out, F8 (Flyball, 8RXD)
Batting: LHB John Ennis 0-0: Swinging Strike
0-1: Called Strike
0-2: Ball
1-2: Strikes out swinging
Batting: LHB Shahid Afridi 0-0: Ball
1-0: Ball
2-0: Fly out, F9 (Line Drive, 9LM)
Top of the 9th over - 0 runs, 0 hits, 0 errors, 0 left on base; Portland 5 - Buckhead 2
BOTTOM OF THE 9TH
Buckhead Bowties batting - Pitching for Portland Evergreens : RHP Keith Rojas
Batting: RHB Raúl Ruíz 0-0: Ball
1-0: Ball
2-0: Foul Ball, location: 2F
2-1: Ground out 5-3 (Groundball, 56)
Batting: LHB José Valéncia 0-0: Called Strike
0-1: Ball
1-1: Foul Ball, location: 2F
1-2: Foul Ball, location: 2F
1-2: Ball
2-2: Ball
3-2: Foul Ball, location: 2F
3-2: TRIPLE (Flyball, 78XD)
Batting: LHB Shunso Kiyomizu 0-0: SINGLE (Groundball, 4MD)
José Valéncia scores
Batting: RHB Richard Jost 0-0: Called Strike
0-1: Ball
1-1: Ball
2-1: Grounds into double play, 5-4-3 (Groundball, 56)
Bottom of the 9th over - 1 run, 2 hits, 0 errors, 0 left on base; Portland 5 - Buckhead 3
Friday, March 29th, 2019 - OOTP Baseball 18.8 Build 76